 Dungeon Crawl Stone Soup version 0.31-a0-590-g8a5a4361df (webtiles) character file.

Game seed: 13623292802498441769

132 sircluck the Ruffian (level 4, -3/35 HPs)
             Began as a Demigod Shapeshifter on Aug 20, 2023.
             Slain by Grinder (5 damage)
             ... while paralysed by Grinder
             ... on level 4 of the Dungeon.
             The game lasted 00:07:39 (2582 turns).

sircluck the Ruffian (Demigod Shapeshifter)         Turns: 2582, Time: 00:07:40

Health: -3/35      AC:  8    Str: 20    XL:     4   Next: 62%
Magic:  6/6        EV:  2    Int: 10    God:
Gold:   159        SH:  0    Dex: 20    Spells: 3/3 levels left

rFire   . . .        x - +2 whip (venom)
rCold   . . .        (no shield)
rNeg    . . .        p - +0 chain mail
rPois   .            (helmet currently unavailable)
rElec   .            (cloak currently unavailable)
rCorr   .            k - melded +0 pair of gloves
SInv    .            (boots currently unavailable)
Will    .....        (no amulet) Stlth
                     n - +6 ring of dexterity
HPRegen 0.25/turn    (no ring)
MPRegen 0.10/turn

%: no passive effects
@: paralysed, beast-form
A: beast (slay +2), high MP 1, forlorn, divine attributes
a: Begin Untransformation


You were on level 4 of the Dungeon.
You were a hulking beast.
You visited 1 branch of the dungeon, and saw 4 of its levels.

You collected 201 gold pieces.
You spent 42 gold pieces at shops.

Inventory:

Hand Weapons
 e - a +0 club
 x - a +2 whip of venom (weapon)
Missiles
 j - 22 stones
 m - 5 boomerangs
 q - 2 atropa-tipped darts
 u - 10 poisoned darts
Armour
 a - a +0 animal skin
 k - a +0 pair of gloves (melded)
 o - a +0 scale mail
 p - a +0 chain mail (worn)
Jewellery
 n - a +6 ring of dexterity (left hand)
Talismans
 c - a beast talisman (active)
 d - a flux talisman
Scrolls
 f - a scroll of enchant armour {unknown}
 g - a scroll of fog {unknown}
 l - 3 scrolls of identify {unknown}
 t - a scroll of immolation {unknown}
 v - a scroll of enchant weapon {unknown}
 y - a scroll of fear {unknown}
Potions
 b - a potion of lignification
 h - 2 potions of enlightenment {unknown}
 i - a potion of mutation {unknown}
 r - a potion of attraction {unknown}
 s - a potion of resistance {unknown}
 w - a potion of curing


   Skills:
 + Level 1.1 Fighting
 + Level 0.1 Maces & Flails
 + Level 2.5 Dodging
 + Level 0.4 Stealth
 + Level 4.1 Unarmed Combat
 + Level 3.2 Shapeshifting


You had 3 spell levels left.
You didn't know any spells.
Your spell library contained the following spells:

 Spells                   Type           Power      Damage    Failure   Level
 Sandblast                Erth           0%         2d4       98%         1
 Passwall                 Tmut/Erth      0%         N/A       99%         2
 Stone Arrow              Conj/Erth      0%         3d7       100%        3


Dungeon Overview and Level Annotations

Branches:
Dungeon (4/15)
 Temple: D:4-7

Shops:
D:3 !

Annotations:
D:4 Grinder


Innate Abilities, Weirdness & Mutations

You are a hulking beast.
Your limbs bulge with bestial killing power. (Slay +2)
You have an increased reservoir of magic. (+10% MP)
You shall have no god before yourself.
Your divine heritage dramatically boosts your attributes as you level up.


Message History

No target in view!
No target in view!
No target in view!
Grinder comes into view.
Grinder shouts!
Grinder gestures at you.
You suddenly lose the ability to move!
Grinder blinks!
You can move again.
Grinder gestures at you. Pain shoots through your body!
There is a stone staircase leading up here.
Found a potion of lignification.
Grinder gestures at you. You resist with significant effort.
You hit Grinder.
Grinder is lightly wounded.
Grinder barely misses you.
You hit Grinder but do no damage.
Grinder is lightly wounded.
Grinder gestures at you. Pain shoots through your body!
You whack Grinder!
Grinder is moderately wounded.
Grinder closely misses you.
You whack Grinder!
Grinder is heavily wounded.
Grinder closely misses you.
You hit Grinder.
Grinder is severely wounded.
Grinder gestures at you.
You suddenly lose the ability to move!
Grinder hits you!
* * * LOW HITPOINT WARNING * * *
You writhe in agony.
* * * LOW HITPOINT WARNING * * *
Grinder says, "Mostly I couldn't keep them alive."
Grinder hits you.
You die...
Grinder says, "Now the real fun starts!"

#### ... ..#
#.#####..#
#........#
###.######...#
#.....)...<.##
#.#.#####.h.#
.!.....5.......
###############


You could see Grinder.

Vanquished Creatures
  Jessica (D:2)
  An adder (D:2)
  2 worms (D:2)
  5 dart slugs
  An orc (D:4)
  6 endoplasms
  2 giant cockroaches
  8 goblins
  7 hobgoblins
  10 jackals
  5 kobolds
  6 ball pythons
  8 bats
  6 frilled lizards
  7 rats
75 creatures vanquished.

Notes
Turn   | Place    | Note
-------+----------+-------------------------------------------
     0 | D:1      | sircluck the Demigod Shapeshifter began the quest for the
                  | Orb.
     0 | D:1      | Reached XP level 1. HP: 15/15 MP: 3/3
   137 | D:1      | Reached skill level 3 in Unarmed Combat
   143 | D:1      | Reached XP level 2. HP: 12/22 MP: 4/4
   565 | D:1      | Reached XP level 3. HP: 27/27 MP: 5/5
  1055 | D:2      | Reached skill level 1 in Fighting
  1299 | D:2      | Noticed Jessica
  1309 | D:2      | Killed Jessica
  1310 | D:2      | Reached XP level 4. HP: 35/35 MP: 6/6
  1424 | D:2      | Reached skill level 4 in Unarmed Combat
  1838 | D:3      | Found Qukinyru's Distillery.
  1842 | D:3      | Bought a potion of curing for 42 gold pieces
  2571 | D:4      | Noticed Grinder
  2571 | D:4      | Paralysed by Grinder for 3 turns
  2580 | D:4      | Paralysed by Grinder for 5 turns
  2581 | D:4      | HP: 1/35 [Grinder (4)]
  2582 | D:4      | Slain by Grinder

Illustrated notes

Levels and vault maps discovered:
D:1:      onia_arrival_mini_maze_b, layout_basic,
          chequers_ecumenical_altar_twisty
D:2:      layout_basic, uniq_jessica
D:3:      layout_basic, serial_shops, nicolae_shop_tiny_real_fake_doors,
          chequers_arboretum
D:4:      layout_basic, uniq_grinder

Skill      XL: |  1  2  3  4 |
---------------+-------------+-----
Unarmed Combat | 3 4 |  4.1
Dodging        | 2 |  2.5
Shapeshifting  | 3 |  3.2
Fighting       | 1 |  1.1
Maces & Flails | |  0.1
Stealth        | |  0.4

Action                     |  1- 3 |  4- 6 || total
---------------------------+-------+-------++-------
  Melee: Unarmed           |   141 |    29 ||   170
         Whip              |       |    23 ||    23
         Punch             |       |     1 ||     1
Ability: Begin Untransform |       |     1 ||     1
    Use: Potion            |     1 |       ||     1
   Stab: Sleeping          |     2 |       ||     2
 Armour: Animal skin       |    26 |       ||    26
         Chain mail        |       |    18 ||    18
  Dodge: Dodged            |   101 |    16 ||   117
   Form: Beast             |       |     1 ||     1

Table legend: (Time is in decaauts)
 A = Elapsed time spent in this place.
 B = Non-inter-level travel time spent in this place.
 C = Inter-level travel time spent in this place.
 D = Time resting spent in this place.
 E = Time spent auto-exploring this place.
 F = Levels seen in this place.
 G = Mean time per level.
                   A        B        C        D        E       F      G
               +--------+--------+--------+--------+--------+-----+--------+
         Total |   2572 |   2457 |    115 |    117 |   1803 |   4 |  643.0 |
       Dungeon |   2572 |   2457 |    115 |    117 |   1803 |   4 |  643.0 |
               +--------+--------+--------+--------+--------+-----+--------+

Top non-repeatable levels by time:
     D:1: 911 daAuts
     D:2: 883 daAuts
     D:3: 757 daAuts
     D:4: 19 daAuts
